 Dungeon Crawl Stone Soup version 0.29.1-12-g30fa7ad0bf (webtiles) character file.

Game seed: 14700910426259781266

20502 specQQ the Earth Mage (level 12, -4/59 HPs)
             Began as a Gargoyle Earth Elementalist on Dec 18, 2022.
             Was a Priest of Vehumet.
             Slain by a two-headed ogre
             ... wielding a +0 giant club
              (20 damage)
             ... on level 12 of the Dungeon.
             The game lasted 01:19:33 (15281 turns).

specQQ the Earth Mage (GrEE)                       Turns: 15281, Time: 01:19:33

Health: -4/59      AC: 15    Str:  9    XL:     12   Next: 80%
Magic:  32/37      EV: 11    Int: 23    God:    Vehumet [***...]
Gold:   561        SH:  3    Dex: 12    Spells: 10/35 levels left

rFire   + . .      SeeInvis .   X - staff of fire
rCold   + . .      Faith    .   k - +0 buckler
rNeg    + . .      Spirit   .   I - +2 leather armour "Liuxeen" {Rampage Regen+ MP+9 Str-4}
rPois   ∞          Reflect  .   v - +0 helmet
rElec   +          Harm     .   q - +0 cloak
rCorr   .          Rampage  +   (no gloves)
Will    ++...                   (no boots)
Stlth   ++........              R - amulet of Vitality {RegenMP++ Regen++}
HPRegen 2.59/turn               s - ring of Hempian {rC+ Will+ Int+3 Dex+2}
MPRegen 1.05/turn               J - ring of willpower

@: no status effects
A: sickness immunity, AC +8, negative energy resistance 1, electricity
resistance, torment resistance 1, petrification resistance
a: Renounce Religion


You were on level 12 of the Dungeon.
You worshipped Vehumet.
Vehumet was most pleased with you.
You visited 2 branches of the dungeon, and saw 13 of its levels.
You also visited: Bailey.

You collected 561 gold pieces.

Inventory:

Hand Weapons
 u - the +7 spear of Zin's Esteem {spect, *Rage rF++ Will+}
   (You found it on level 3 of the Dungeon)

   When its wielder attacks, the weapon's spirit leaps out and strikes again.
   The spirit shares a part of any damage it takes with its wielder.
   rF:        It greatly protects you from fire.
   *Rage:     It berserks you when you make melee attacks (+20% chance).
   Will:      It increases your willpower.
Armour
 a - a +2 robe of fire resistance
 k - a +0 buckler (worn)
 q - a +0 cloak (worn)
 v - a +0 helmet (worn)
 I - the +2 leather armour "Liuxeen" (worn) {Rampage Regen+ MP+9 Str-4}
   (You found it on level 6 of the Dungeon)

   Str:       It affects your strength (-4).
   MP:        It affects your magic capacity (+9).
   Regen:     It increases your rate of health regeneration.
   Rampage:   It bestows one free step when moving towards enemies.
 N - +1 acid dragon scales
Magical Staves
 p - a staff of poison
 X - a staff of fire (weapon)
 Z - a staff of death
Jewellery
 h - a ring of ice
 i - a ring of fire
 r - a +4 ring of protection
 s - the ring of Hempian (left hand) {rC+ Will+ Int+3 Dex+2}
   (You found it on level 12 of the Dungeon)

   [ring of willpower]

   Int:       It affects your intelligence (+3).
   Dex:       It affects your dexterity (+2).
   rC:        It protects you from cold.
   Will:      It increases your willpower.
 J - a ring of willpower (right hand)
 R - the amulet of Vitality (around neck) {RegenMP++ Regen++}
   (You found it on level 8 of the Dungeon)

   [amulet of magic regeneration]

   It increases your rate of magic regeneration.
   Regen:     It increases your rate of health regeneration.
 W - a ring of resist corrosion
Wands
 e - a wand of flame (15)
 L - a wand of acid (6)
 Q - a wand of iceblast (4)
 S - a wand of mindburst (1)
 T - a wand of polymorph (4)
Scrolls
 f - a scroll of brand weapon {unknown}
 j - 4 scrolls of fog {unknown}
 t - 6 scrolls of magic mapping
 x - 2 scrolls of vulnerability {unknown}
 y - a scroll of torment
 z - 5 scrolls of teleportation
 D - a scroll of immolation {unknown}
 F - 2 scrolls of blinking
 G - a scroll of enchant armour {unknown}
 H - 2 scrolls of fear {unknown}
 M - a scroll of silence {unknown}
 P - a scroll of enchant weapon {unknown}
 V - a scroll of poison {unknown}
Potions
 b - a potion of magic
 c - 3 potions of invisibility {unknown}
 d - 2 potions of haste
 g - 4 potions of brilliance
 l - 9 potions of heal wounds
 m - 3 potions of flight
 n - 3 potions of mutation {unknown}
 o - 4 potions of cancellation {unknown}
 w - 5 potions of attraction
 A - 4 potions of curing {unknown}
 C - a potion of ambrosia {unknown}
 E - a potion of lignification {unknown}
 K - a potion of might {unknown}
 O - a potion of berserk rage {unknown}
Miscellaneous
 U - a phial of floods


   Skills:
 - Level 1.5 Dodging
 - Level 2.1 Stealth
 - Level 12.2 Spellcasting
 * Level 9.2 Hexes
 - Level 0.7 Transmutations
 - Level 3.0 Air Magic
 - Level 15.0 Earth Magic


You had 10 spell levels left.
You knew the following spells:

 Your Spells              Type           Power      Damage    Failure   Level
a - Sandblast             Erth           100%       2d20      0%          1
b - Stone Arrow           Conj/Erth      96%        3d13      1%          3
c - Passwall              Tmut/Erth      41%        N/A       1%          2
d - Petrify               Tmut/Erth      50%        N/A       3%          4
e - Swiftness             Air            27%        N/A       8%          3
f - Enfeeble              Hex            27%        N/A       85%         7
g - Summon Small Mammal   Summ           56%        N/A       9%          1
h - Fulminant Prism       Conj/Hex       17%        3d11      3%          4

Your spell library contained the following spells:

 Spells                   Type           Power      Damage    Failure   Level
 Shock                    Conj/Air       84%        1d8       1%          1
 Scorch                   Fire           42%        2d7       3%          2
 Beastly Appendage        Tmut           34%        N/A       6%          1
 Airstrike                Air            13%        2d(2-18)  7%          4
 Apportation              Tloc           28%        N/A       9%          1
 Necrotise                Necr           56%        1d6       9%          1
 Wereblood                Tmut           17%        N/A       10%         2
 Anguish                  Hex/Necr       17%        N/A       13%         4
 Spider Form              Tmut/Pois      15%        N/A       22%         3
 Flame Wave               Conj/Fire      21%        2d8       22%         4
 Summon Mana Viper        Hex/Summ       35%        N/A       34%         5
 Animate Dead             Necr           14%        N/A       65%         4
 Summon Ice Beast         Ice/Summ       14%        N/A       65%         4
 Summon Cactus Giant      Summ           7%         N/A       100%        6
 Haunt                    Necr/Summ      7%         N/A       100%        7
 Monstrous Menagerie      Summ           7%         N/A       100%        7
 Infestation              Necr           7%         N/A       100%        8


Dungeon Overview and Level Annotations

Branches:
Dungeon (12/15)            Temple (1/1) D:6            Lair (0/5) D:11
    Orc (0/2) D:10         Bailey (visited)

Altars:
Ashenzari
Cheibriados
Dithmenos
Elyvilon
Fedhas
Gozag
Hepliaklqana
Kikubaaqudgha
Makhleb
Nemelex Xobeh
Okawaru
Qazlal
Ru
Sif Muna
Trog
Uskayaw
Vehumet
Wu Jian
Xom
Yredelemnul
Zin
The Shining One

Shops:
D:2 :(   D:6 (

Annotations:
D:7 3 runed translucent doors, gargbit's ghost, novice OpFi


Innate Abilities, Weirdness & Mutations

You are immune to sickness and miasma.
Your stone body is resilient. (AC +8)
You are immune to poison.
You resist negative energy. (rN+)
You are resistant to electric shocks. (rElec)
You are resistant to unholy torment.
You are immune to petrification.


Message History

Found a potion of degeneration.
Found a fizzy inky potion.
You now have 561 gold pieces (gained 11).
You see here a potion of degeneration.
A - 4 fizzy inky potions (gained 1)
A two-headed ogre comes into view.
It is wielding a +0 giant club and a +0 giant spiked club.
The two-headed ogre shouts in stereo!
Casting: Stone Arrow (safe; 1% risk of failure)
Confirm with . or Enter, or press ? or * to list all spells.
Aiming: Stone Arrow (safe; 1% risk of failure)
Press: ? - help, Shift-Dir - straight line, f - you
Okay, then.
Casting: Stone Arrow (safe; 1% risk of failure)
Confirm with . or Enter, or press ? or * to list all spells.
Aiming: Stone Arrow (safe; 1% risk of failure)
Press: ? - help, Shift-Dir - straight line, f - two-headed ogre
Aim: a two-headed ogre, wielding a +0 giant club and a +0 giant spiked club (89% to hit)
The stone arrow hits the two-headed ogre!!
The two-headed ogre is moderately wounded.
Casting: Stone Arrow (safe; 1% risk of failure)
Confirm with . or Enter, or press ? or * to list all spells.
Aiming: Stone Arrow (safe; 1% risk of failure)
Press: ? - help, Shift-Dir - straight line, f/p - two-headed ogre
Aim: a two-headed ogre, wielding a +0 giant club and a +0 giant spiked club (moderately wounded, 89% to hit)
The stone arrow hits the two-headed ogre!
The two-headed ogre is heavily wounded.
Casting: Stone Arrow (safe; 1% risk of failure)
Confirm with . or Enter, or press ? or * to list all spells.
Aiming: Stone Arrow (safe; 1% risk of failure)
Press: ? - help, Shift-Dir - straight line, f/p - two-headed ogre
Aim: a two-headed ogre, wielding a +0 giant club and a +0 giant spiked club (heavily wounded, 89% to hit)
The stone arrow hits the two-headed ogre!
The two-headed ogre is almost dead.
The two-headed ogre attacks as you move away!
The two-headed ogre hits you with a +0 giant club!!
The two-headed ogre hits you with a +0 giant spiked club!!
* * * LOW HITPOINT WARNING * * *
The two-headed ogre attacks as you move away!
The two-headed ogre hits you with a +0 giant club!!
You die...

##..## #...##... #....#
#....###. ###....###...####. ##
##.#....#....#.#... #.
#.........#........
##..##.......##........
..#...##.......##.....##.
...............##........
.......O@...........<.##.
.##........##.##......###
#.........##.##......#.# #
..............##.#.......
###...#.##.........##..........
#.......#......................
.............................#.
....#####......÷............##
#...#.##..#...............###


You could see a two-headed ogre.

Vanquished Creatures
  Azrael (D:12)
  A hydra (D:11)
  3 two-headed ogres
  3 skeletal warriors (D:11)
  3 deep trolls (D:8)
  A deep elf zephyrmancer (D:11)
  An ugly thing (D:11)
  2 manticores
  A gargoyle (D:10)
  A komodo dragon (D:10)
  Maggie (D:8)
  3 kobold demonologists
  A tengu conjurer (D:12)
  5 trolls
  A hornet (D:9)
  6 slime creatures
  3 vampires (D:11)
  A water elemental (D:11)
  3 shadows
  A wraith (D:10)
  A human (D:3)
  2 wyverns
  A basilisk (D:10)
  A steam dragon (D:8)
  12 yaks
  3 fire elementals (D:12)
  6 vampire mosquitoes
  Menkaure (D:7)
  3 acid dragons (D:11)
  A hell hound (D:12)
  2 water moccasins
  6 orc warriors
  A black bear (D:5)
  An ogre (D:6)
  4 centaurs
  A phantom (D:6)
  Blork the orc (D:6)
  2 bullfrogs
  A gnoll sergeant (D:9)
  4 scorpions
  10 wights
  A howler monkey (D:6)
  9 vampire bats (Bailey)
  2 electric eels (D:11)
  5 orc priests
  7 hounds
  A jelly (D:4)
  6 iguanas
  7 orc wizards
  10 adders
  14 gnolls
  2 worms
  8 dart slugs
  23 orcs
  8 endoplasms
  6 giant cockroaches
  11 goblins
  5 hobgoblins
  6 jackals
  12 kobolds
  3 quokkas
  3 training dummies (D:6)
  4 ball pythons
  6 bats
  9 frilled lizards
  A jackal skeleton (D:3)
  A kobold skeleton (D:3)
  16 orc zombies (Bailey)
  7 rats
299 creatures vanquished.

Vanquished Creatures (others)
  7 plants
7 creatures vanquished.

Grand Total: 306 creatures vanquished

Notes
Turn   | Place    | Note
-------+----------+-------------------------------------------
     0 | D:1      | specQQ the Gargoyle Earth Elementalist began the quest for
                  | the Orb.
     0 | D:1      | Reached XP level 1. HP: 10/10 MP: 3/3
   252 | D:1      | Reached XP level 2. HP: 15/15 MP: 3/5
   356 | D:1      | Reached skill level 4 in Earth Magic
   524 | D:1      | Learned a level 2 spell: Passwall
   551 | D:1      | Reached XP level 3. HP: 19/19 MP: 1/7
   687 | D:1      | Found a faded altar of an unknown god.
  1154 | D:2      | Found Veagguwk's Antique Weapon Shoppe.
  1255 | D:2      | Reached XP level 4. HP: 24/24 MP: 1/8
  1337 | D:2      | Found Faihogg's Book Shoppe.
  1435 | D:2      | Reached skill level 5 in Earth Magic
  2209 | D:3      | Identified the +7 spear of Zin's Esteem {spect, *Rage rF++
                  | Will+}
  2264 | D:3      | Reached XP level 5. HP: 28/28 MP: 6/9
  2644 | D:3      | Noticed a human
  2646 | D:3      | Found a runed translucent door.
  2654 | D:3      | Found a basalt altar of Yredelemnul.
  2691 | D:3      | Reached skill level 6 in Earth Magic
  2767 | D:3      | Found an iron altar of Okawaru.
  3571 | D:4      | Reached skill level 7 in Earth Magic
  3571 | D:4      | Reached XP level 6. HP: 32/32 MP: 7/10
  3575 | D:4      | Learned a level 3 spell: Stone Arrow
  3928 | D:4      | Found a sacrificial altar of Ru.
  4037 | D:4      | Reached skill level 8 in Earth Magic
  4750 | D:5      | Entered Level 5 of the Dungeon
  4869 | D:5      | Identified the +5 short sword "Fiulle" {freeze, Drain
                  | +Blink Will++ Stlth+}
  5058 | D:5      | Noticed a black bear
  5385 | D:5      | Reached XP level 7. HP: 36/36 MP: 9/11
  5385 | D:5      | Found an ornate altar of the Wu Jian Council.
  5662 | D:5      | Reached skill level 9 in Earth Magic
  5712 | D:5      | Found a snail-covered altar of Cheibriados.
  6143 | D:6      | Reached skill level 10 in Earth Magic
  6368 | D:6      | Found a staircase to the Ecumenical Temple.
  6383 | Temple   | Entered the Ecumenical Temple
  6565 | D:6      | Identified the +2 leather armour "Liuxeen" {Rampage Regen+
                  | MP+9 Str-4}
  6648 | D:6      | Reached XP level 8. HP: 41/41 MP: 14/14
  6819 | D:6      | Reached skill level 5 in Spellcasting
  6862 | D:6      | Found Ventor's Firing Range.
  6863 | D:6      | Noticed Blork the orc
  6868 | D:6      | Killed Blork the orc
  7380 | D:7      | Found a hide-covered altar of Uskayaw.
  7384 | D:7      | Noticed a +0 dagger
  7384 | D:7      | Noticed a +0 hand axe
  7450 | D:7      | Found a flagged portal.
  7455 | Bailey   | Entered a bailey
  7595 | Bailey   | Reached XP level 9. HP: 44/45 MP: 20/20
  7748 | Bailey   | Noticed a gargoyle
  7784 | D:7      | Noticed Menkaure
  7790 | D:7      | Killed Menkaure
  7857 | D:7      | Found a runed translucent gate.
  7858 | D:7      | Found a runed translucent gate.
  7859 | D:7      | Found a runed translucent gate.
  7860 | D:7      | Found an opulent altar of Gozag.
  7860 | D:7      | Noticed a cyclops
  7861 | D:7      | Noticed gargbit's ghost (novice OpFi)
  7861 | D:7      | Noticed a cyclops
  8336 | D:8      | Learned a level 4 spell: Petrify
  8542 | D:8      | Noticed Maggie
  8547 | D:8      | Killed Maggie
  8667 | D:8      | Found a hazy altar of Hepliaklqana.
  8877 | D:8      | Reached skill level 10 in Spellcasting
  8884 | D:8      | Learned a level 3 spell: Swiftness
  9028 | D:8      | Noticed a two-headed ogre
  9322 | D:8      | Killed a two-headed ogre
  9323 | D:8      | Reached skill level 11 in Earth Magic
  9323 | D:8      | Reached XP level 10. HP: 11/50 MP: 16/24
  9483 | D:8      | Noticed a deep troll
  9483 | D:8      | Noticed a deep troll
  9532 | D:8      | Killed a deep troll
  9533 | D:8      | Reached skill level 12 in Earth Magic
  9579 | D:8      | Killed a deep troll
  9580 | D:8      | Reached skill level 13 in Earth Magic
  9645 | D:8      | Noticed a deep troll
  9651 | D:8      | Killed a deep troll
  9723 | D:8      | Found the amulet of Vitality {RegenMP++ Regen++}
  9857 | D:9      | Found a radiant altar of Vehumet.
  9866 | D:9      | Became a worshipper of Vehumet
 10509 | D:9      | Reached skill level 14 in Earth Magic
 10532 | D:9      | Reached XP level 11. HP: 54/54 MP: 25/25
 10610 | D:10     | Entered Level 10 of the Dungeon
 10820 | D:9      | Reached * piety under Vehumet
 10820 | D:9      | Offered knowledge of Magic Dart by Vehumet.
 10821 | D:9      | Reached skill level 15 in Earth Magic
 11619 | D:10     | Found a staircase to the Orcish Mines.
 12056 | D:10     | Reached ** piety under Vehumet
 12056 | D:10     | Offered knowledge of Foxfire by Vehumet.
 12078 | D:11     | Noticed a two-headed ogre
 12820 | D:11     | Noticed a white ugly thing
 12944 | D:11     | Found a staircase to the Lair.
 13075 | D:11     | Noticed a skeletal warrior
 13077 | D:11     | Noticed a skeletal warrior
 13077 | D:11     | Noticed a skeletal warrior
 13093 | D:11     | Killed a skeletal warrior
 13095 | D:11     | Killed a skeletal warrior
 13102 | D:11     | Killed a skeletal warrior
 13140 | D:11     | Learned a level 7 spell: Enfeeble
 13156 | D:11     | Killed a two-headed ogre
 13193 | D:11     | Learned a level 1 spell: Summon Small Mammal
 13237 | D:11     | Killed a white ugly thing
 13264 | D:11     | Reached XP level 12. HP: 59/59 MP: 28/28
 13335 | D:11     | Reached skill level 5 in Hexes
 13340 | D:11     | Noticed a seven-headed hydra
 13358 | D:11     | Killed a seven-headed hydra
 13452 | D:11     | Offered knowledge of Conjure Flame by Vehumet.
 13684 | D:11     | Identified the +7 quarterstaff "Heocko" {elec, Will- SInv
                  | Stlth+}
 13788 | D:11     | Noticed a two-headed ogre
 13798 | D:11     | Killed a two-headed ogre
 14275 | D:11     | Reached *** piety under Vehumet
 14888 | D:12     | Identified the ring of Hempian {rC+ Will+ Int+3 Dex+2}
 14983 | D:12     | Noticed Azrael
 15013 | D:12     | Killed Azrael
 15161 | D:12     | Offered knowledge of Fulminant Prism by Vehumet.
 15170 | D:12     | Learned a level 4 spell: Fulminant Prism
 15274 | D:12     | Noticed a two-headed ogre
 15281 | D:12     | Slain by a two-headed ogre

Illustrated notes

Levels and vault maps discovered:
D:1:      roderic_dead_forest, layout_basic,
          hellmonk_ecumenical_altar_heavens_door
D:2:      layout_basic, serial_shops, nicolae_square_shop, nicolae_shop_trees,
          chequers_serial_rivers_small_a
D:3:      layout_basic, dk_yredelemnul_ordeal, lemuel_crystal_altar
D:4:      layout_basic, mainiacjoe_overflow_catwalk
D:5:      layout_loops_corners, nicolae_wu_jian_wuxing_cycle,
          mainiacjoe_overflow_boulevard, nicolae_ossuary_entry_monument
D:6:      layout_basic, temple_fountains, nicolae_shop_firing_range,
          uniq_blork_the_orc
D:7:      layout_rooms, dancing_weapons_uskayaw, enter_bailey_3,
          ebering_ghost_gozag, uniq_menkaure
D:8:      layout_basic, nicolae_hepliaklqana_hippocampus, grunt_decor_cap,
          hellmonk_guarded_unrand_vitality_bloodlust, uniq_maggie
D:9:      layout_stronghold, mainiacjoe_overflow_paths, evilmike_minifort
D:10:     layout_roguey, david_orc_4, minmay_lizard_king
D:11:     nzn_winding_woodlands_stair_trap [nzn_winding_woodlands_5x15_default,
          nzn_winding_woodlands_5x15_eye, nzn_winding_woodlands_5x15_parted,
          nzn_winding_woodlands_15x15_eel_pit,
          nzn_winding_woodlands_5x15_split_checker,
          nzn_winding_woodlands_5x15_concentric,
          nzn_winding_woodlands_5x15_pockets], layout_loops_ring, nrook_uturn
D:12:     layout_cave_pools, uniq_azrael
Temple:   compressed_dpeg_circular_temple

Skill      XL: |  1  2  3  4  5  6  7  8  9 10 11 12 |
---------------+-------------------------------------+-----
Earth Magic    | 4 5 7 8 10 11 14 15 | 15.0
Spellcasting   | 3 4 7 10 12 | 12.2
Air Magic      | 3 |  3.0
Hexes          | 3 9 |  9.2
Dodging        | |  1.5
Stealth        | |  2.1
Transmutations | |  0.7

Action                   |  1- 3 |  4- 6 |  7- 9 | 10-12 || total
-------------------------+-------+-------+-------+-------++-------
Melee: Spear             |       |     2 |     1 |     2 ||     5
       Staff             |       |       |       |     1 ||     1
 Cast: Sandblast         |    45 |    87 |   138 |   198 ||   468
       Stone Arrow       |       |     1 |    25 |   138 ||   164
       Summon Small Mamm |       |       |       |     1 ||     1
  Use: Scroll            |     2 |     1 |     3 |     3 ||     9
       Potion            |       |     1 |       |       ||     1
Armor: Robe              |     1 |    21 |     7 |       ||    29
       Leather armour    |       |       |    56 |   178 ||   234
Dodge: Dodged            |     5 |    17 |    73 |   176 ||   271
Block: Buckler           |       |       |       |     2 ||     2
